Map: 2000 Atmospheres LE

Players

Warthog

  • Race: Terran Terran
  • League: Master
  • Spawn Location: 7:00

LiviRAWR - Winner!

  • Race: Zerg Zerg
  • League: Master
  • Spawn Location: 3:00

VOD

Have the link to the VOD?

Description

Time

  • Played on: Jan. 11, 2022, 8:51 p.m.
  • Length: 11:26
Show
View Real Time Build Order
Export as new Build Order

Warthog Terran 

Build Orders: Reaper Expand, Hellion Banshee, Mech 

Get SALT Encoding   

  12  0:01  SCV  
  13  0:13  SCV  
  14  0:17  Supply Depot  
  14  0:25  SCV  
  15  0:39  SCV  
  15  0:41  Barracks  
  16  0:43  Refinery  
  16  0:51  SCV  
  17  1:03  SCV  
  18  1:15  SCV  
  19  1:28  Reaper, Orbital Command  
  20  1:38  Command Center  
  20  1:48  Supply Depot  
  20  1:54  SCV  
  21  2:00  Marine  
  22  2:08  SCV  
  23  2:12  Factory  
  23  2:20  SCV  
  23  2:22  Barracks Reactor  
  24  2:32  SCV  
  25  2:44  Command Center, SCV  
  26  2:56  Refinery, SCV  
  27  3:00  Orbital Command  
  27  3:03  Starport  
  27  3:12  Barracks Tech Lab  
  26  3:15  Hellion x2  
  26  3:17  SCV  
  31  3:26  SCV  
  32  3:29  SCV  
  33  3:38  Supply Depot, SCV, Hellion  
  36  3:41  SCV  
  37  3:50  SCV  
  37  3:53  SCV  
  37  3:54  Banshee  
  42  3:55  Orbital Command  
  42  4:02  SCV  
  43  4:03  Hellion  
  43  4:04  Supply Depot  
  43  4:05  SCV  
  43  4:06  Hellion  
  48  4:14  SCV  
  49  4:17  SCV  
  49  4:23  SCV, Refinery  
  49  4:24  Refinery  
  51  4:26  SCV  
  51  4:29  SCV  
  51  4:30  Barracks Tech Lab  
  53  4:32  Factory  
  53  4:37  Hellion x2  
  57  4:41  Banshee  
  60  4:54  Factory  
  60  4:57  SCV x2  
  60  4:58  Hellion  
  64  5:02  Supply Depot, SCV  
  64  5:04  Bunker  
  65  5:16  SCV  
  65  5:19  Bunker  
  66  5:26  SCV  
  65  5:32  Hellion x2  
  67  5:42  Supply Depot  
  67  5:43  Supply Depot  
  67  5:47  Siege Tank  
  67  5:49  Supply Depot  
  68  5:50  Supply Depot  
  68  6:03  Supply Depot  
  68  6:04  Siege Tank, Marine  
  68  6:19  Hellion x2  
  68  6:20  Siege Tank  
  68  6:21  Supply Depot  
  75  6:33  Supply Depot  
  75  6:36  Siege Tank  
  77  6:52  Cyclone  
  80  7:02  Hellion  
  80  7:08  Cyclone  
  72  7:24  Siege Tank  
  75  7:30  Armory  
  77  7:37  Hellion x2  
  77  7:41  Supply Depot  
  79  7:45  Orbital Command  
  81  7:58  Hellion  
  81  7:59  Hellion  
  81  8:02  Hellion, Siege Tank  
  90  8:20  Hellion  
  87  8:36  Refinery  
  87  8:37  Refinery  
  86  8:44  Siege Tank  
  92  8:48  Siege Tank  
  92  8:55  Orbital Command  
  67  9:10  SCV  
  67  9:11  SCV  
  56  9:23  SCV x3  
  32  9:38  Siege Tank  
  30  9:47  Hellion  
  30  9:48  Hellion  
  34  9:53  SCV  
  34  9:54  Refinery x2  
  31  10:02  SCV x2  
  31  10:05  SCV  
  35  10:14  SCV  
  34  10:24  SCV x2  
  35  10:32  Factory Tech Lab, Siege Tank  
  35  10:33  Hellion x2  
  42  10:36  SCV x2  
  37  10:48  Orbital Command  
  37  10:49  SCV x2  
  29  11:01  SCV  
  29  11:03  SCV  
  32  11:14  SCV  
Show
View Real Time Build Order
Export as new Build Order

LiviRAWR Zerg - Winner!

Build Orders: Hatch First, Roach Nydus 

Get SALT Encoding   

  12  0:02  Drone  
  13  0:14  Overlord  
  13  0:16  Drone  
  14  0:33  Drone x2  
  16  0:37  Drone  
  17  0:52  Hatchery  
  16  1:01  Drone  
  17  1:09  Spawning Pool  
  17  1:11  Drone  
  17  1:15  Extractor  
  17  1:16  Drone  
  17  1:20  Drone  
  18  1:30  Drone  
  19  1:40  Overlord  
  19  1:57  Queen  
  21  2:03  Zergling x4  
  21  2:04  Queen  
  21  2:06  Drone  
  26  2:12  Drone  
  26  2:15  Drone  
  28  2:23  Drone  
  28  2:26  Drone  
  29  2:40  Drone  
  29  2:41  Queen, Drone  
  33  2:46  Drone  
  34  2:52  Lair  
  34  2:58  Drone  
  35  3:09  Drone, Extractor  
  35  3:13  Overlord x2  
  35  3:15  Roach Warren  
  35  3:16  Drone  
  35  3:20  Drone, Extractor  
  35  3:24  Overlord  
  35  3:30  Queen  
  37  3:35  Drone x4  
  37  3:36  Drone  
  42  3:43  Drone x2  
  44  3:53  Nydus Network  
  44  3:55  Queen  
  45  4:05  Roach x4  
  53  4:12  Queen  
  55  4:21  Overseer  
  57  4:24  Roach x2  
  57  4:31  Nydus Canal  
  59  4:52  Overlord x3  
  59  4:57  Nydus Canal, Extractor  
  58  5:05  Overlord  
  58  5:10  Queen x2  
  62  5:16  Ravager x4  
  62  5:18  Ravager x2  
  67  5:33  Roach x7  
  78  6:09  Roach x4  
  78  6:10  Roach x2  
  84  6:18  Queen x2  
  84  6:20  Drone x2  
  90  6:31  Hatchery  
  89  6:33  Ravager x2  
  89  6:34  Ravager  
  88  7:16  Drone  
  88  7:17  Spire  
  88  7:18  Drone x4  
  88  7:19  Overlord x5  
  92  7:23  Overseer  
  92  7:37  Queen x2  
  96  8:00  Drone  
  96  8:01  Drone x2  
  96  8:02  Drone x3  
  96  8:03  Queen  
  96  8:04  Drone  
  96  8:05  Drone x6  
  111  8:06  Overlord  
  111  8:10  Glial Reconstitution  
  111  8:17  Evolution Chamber  
  111  8:19  Evolution Chamber  
  105  8:34  Nydus Canal  
  105  8:38  Roach x9  
  121  8:48  Zerg Ground Armor Level 1  
  121  8:49  Zerg Missile Weapons Level 1  
  91  9:24  Roach  
  91  9:25  Roach x11  
  107  9:48  Roach x6  
  117  10:07  Extractor x2  
  116  10:11  Mutalisk  
  116  10:12  Mutalisk x5  
  85  10:55  Mutalisk  
  85  10:56  Mutalisk x8  
  90  11:10  Drone x3  
Tags
 
Add a new tag
Caveats
  • Supply blocks, unpowered buildings, or Contaminate may cause inaccurate times.
  • Supply counts are checked every 10 seconds.